 Dungeon Crawl Stone Soup version 0.19-a0-1007-g133f65f (webtiles) character file.

22 Implojin the Shield-Bearer (level 2, -3/26 HPs)
             Began as a Minotaur Fighter on July 20, 2016.
             Slain by a worm (9 damage)
             ... on level 2 of the Dungeon.
             The game lasted 00:01:39 (343 turns).

Implojin the Shield-Bearer (Minotaur Fighter)        Turns: 343, Time: 00:01:40

Health: -3/26      AC:  6    Str: 20    XL:     2   Next: 68%
Magic:  1/1        EV:  7    Int:  5    God:
Gold:   8          SH:  9    Dex:  9    Spells: 0 memorised, 1 level left

rFire  . . .     SeeInvis .       - Unarmed
rCold  . . .     Gourm    .     a - +0 scale mail
rNeg   . . .     Faith    .     b - +0 shield
rPois  .         Spirit   .     (helmet restricted)
rElec  .         Dismiss  .     (no cloak)
rCorr  .         Reflect  .     (no gloves)
SustAt .         Harm     .     (no boots)
MR     .....                    (no amulet)
Stlth  ..........               (no ring)
                                (no ring)

@: not resistant to hostile enchantments, extremely unstealthy
A: retaliatory headbutt, horns 2
a: no special abilities


You were on level 2 of the Dungeon.
You were not hungry.

You visited 1 branch of the dungeon, and saw 2 of its levels.

You collected 8 gold pieces.

Inventory:

Armour
 a - a +0 scale mail (worn)
 b - a +0 shield (worn)
Scrolls
 e - 2 scrolls of noise {unknown}
 g - a scroll of magic mapping {unknown}
 h - a scroll of immolation {unknown}
 i - 2 scrolls of recharging {unknown}
Potions
 c - a potion of might
Comestibles
 d - 3 bread rations
 f - 2 meat rations


   Skills:
 - Level 3.6 Fighting
 - Level 3.6 Armour
 - Level 3.6 Shields
 * Level 3.6 Unarmed Combat


You had one spell level left.
You didn't know any spells.

Dungeon Overview and Level Annotations

Branches:
Dungeon (2/15)

Altars:


Innate Abilities, Weirdness & Mutations

You reflexively headbutt those who attack you in melee.
You have a pair of horns on your head.


Message History

The worm is heavily wounded.
You block the worm's attack.
You hit the worm.
The worm is severely wounded.
You hit the worm. You headbutt the worm.
You kill the worm!
A worm comes into view.
The worm moves out of view.
A goblin comes into view. It is wielding a club.
The goblin unwields an uncursed club.
The goblin wields a hunting sling.
The goblin shoots a stone.
The stone hits you.
* * * LOW HITPOINT WARNING * * *
Found a stone staircase leading down.
You see here a stone.
The goblin shoots a stone.
The stone barely misses you.
Found 20 arrows.
You see here a stone.
The goblin shoots a stone.
You block the stone.
Things that are here:
a stone; a coppery potion You hit the worm.
The worm is heavily wounded.
Your shield prevents you from hitting the worm.
The worm is heavily wounded.
You block the worm's attack.
The goblin shoots a stone.
The stone hits you but does no damage.
You barely miss the worm.
The worm is moderately wounded.
The goblin shoots a stone.
You block the stone.
You hit the worm but do no damage.
The worm is moderately wounded.
The worm bites you!
* * * LOW HITPOINT WARNING * * *
Unknown command.
You hit the worm.
The worm is heavily wounded.
The goblin shoots a stone.
The stone hits you.
* * * LOW HITPOINT WARNING * * *
The worm bites you!
You die...

.........# #
###.#.#..#.# #..##..
##.#.##.#.# #.....#
##..#.##...# #.g...#
..........## #.....#
..........# #...<.#
........#.#####.....#
........#.........>.##(.
......(.#.....#.@w...>..
#...........†.((.##.##.#
#...................#
..............#..#.##
.).................#
...................#
.###..#.###........# .
#....# #........#
....### #...#.....


You could see a worm and a goblin.

Vanquished Creatures
  An adder (D:2)
  A worm (D:2)
  A giant gecko (D:2)
  2 hobgoblins (D:1)
  A giant newt (D:1)
  A goblin (D:1)
  4 kobolds
11 creatures vanquished.

Notes
Turn   | Place    | Note
-------+----------+-------------------------------------------
     0 | D:1      | Implojin the Minotaur Fighter began the quest for the Orb.
     0 | D:1      | Reached XP level 1. HP: 19/19 MP: 0/0
   274 | D:2      | Reached skill level 3 in Unarmed Combat
   274 | D:2      | Reached XP level 2. HP: 8/26 MP: 1/1
   281 | D:2      | HP: 1/26 [poisoned by an adder]
   343 | D:2      | Slain by a worm

Vault maps used:
D:1:      lemuel_arrival_muddy, minmay_tetromino_l2
D:2:      kennysheep_big_flooded_room

Skill      XL: |  1 |
---------------+----+-----
Unarmed Combat | 3 |  3.6
Fighting       | |  3.6
Armour         | |  3.6
Shields        | |  3.6

Action                   || total
-------------------------++-------
Melee: Unarmed           ||    45
       Headbutt          ||     7
  Use: Potion            ||     1
Armor: Scale mail        ||    25
Dodge: Dodged            ||    17
Block: Shield            ||    28

Table legend:
 A = Turns spent in this place as a percentage of turns spent in the entire game.
 B = Non-inter-level travel turns spent in this place as a percentage of non-inter-level travel turns spent in the entire game.
 C = Inter-level travel turns spent in this place as a percentage of turns spent in this place.
 D = Turns resting spent in this place as a percentage of non-inter-level travel turns spent in this place.
 E = Turns spent auto-exploring this place as a percentage of non-inter-level travel turns spent in this place.
 F = Non-inter-level travel turns spent in this place divided by the number of levels of this place that you've seen.
                   A       B       C       D       E      F
               +-------+-------+-------+-------+-------+----------------------
         Total | 100.0 | 100.0 |   0.0 |   0.0 |   0.0 | 178.5
       Dungeon | 100.0 | 100.0 |   0.0 |   0.0 |   0.0 | 178.5
               +-------+-------+-------+-------+-------+----------------------

Table legend:
 A = Kills in this place as a percentage of kills in entire the game.
 B = Kills by you in this place as a percentage of kills by you in the entire game.
 C = Kills by friends in this place as a percentage of kills by friends in the entire game.
 D = Other kills in this place as a percentage of other kills in the entire game.
 E = Experience gained in this place as a percentage of experience gained in the entire game.
 F = Experience gained in this place divided by the number of levels of this place that you have seen.
                   A       B       C       D       E      F
               +-------+-------+-------+-------+-------+----------------------
         Total | 100.0 | 100.0 |  -nan |  -nan | 100.0 |  16.0
       Dungeon | 100.0 | 100.0 |  -nan |  -nan | 100.0 |  16.0
               +-------+-------+-------+-------+-------+----------------------
